AoeStats
← John Hawkwood

Arabian Desert

508574486Analyzed
1v1 RM · 9d ago on Sep 23, 2026· 18m 21s· 2 players
Game mode
Random Map
Map size
Tiny (2 player)
Population
200
Speed
Normal
Resources
Standard
Victory
Conquest
Starting age
Dark Age
Ending age
Imperial Age
RankedLock teamsTeams togetherTeam positionsShared explorationLock speedFull tech treeHidden civsTurbo modeCheats
Victory
Defeat
🇺🇸 Mongols · United States
1055
+16
🇨🇷 Britons · Costa Rica
1056
-16
John Hawkwood
9:24 Feudal Age
9:08 Loom
14:00 Forging
15:50 Bloodlines
16:29 Horse Collar
AndymaCR23
4:40 Loom
11:44 Feudal Age
17:51 Double-Bit Axe
Connection lost

Rejoining the realm…

Still unreachable

The connection could not be restored.

Session expired

The server has moved on; the page needs a fresh start.